 Dungeon Crawl Stone Soup version 0.31-a0-277-g31ea1f65cc (console) character file.

Game seed: 15373622483701845106

136807 jejorda2 the Basher (level 17, -3/205 HPs)
             Began as a Gnoll Berserker on July 14, 2023.
             Was a High Priest of Trog.
             Slain by a wolf spider (17 damage)
             ... on level 3 of the Spider Nest on July 15, 2023.
             The game lasted 01:51:33 (26934 turns).

jejorda2 the Basher (Gnoll Berserker)              Turns: 26934, Time: 01:51:33

Health: -3/205     AC: 22    Str: 22    XL:     17   Next: 22%
Magic:  32/32      EV: 17    Int:  9    God:    Trog [*****.]
Gold:   2022       SH:  5    Dex: 15    Spells: 39/39 levels left

rFire   . . .        a - melded -2 demon whip (venom)
rCold   + + .        Z - melded +2 shield of Resistance {rF++ rC++ Will++}
rNeg    . . .        U - +11 plate armour "Corer" {Dex+3 Slay+3}
rPois   +            z - +0 helmet
rElec   .            C - scarf {rC+ rF+}
rCorr   .            x - melded +0 pair of gloves
SInv    .            I - +2 pair of boots
Will    +++..        K - amulet of reflection Stlth
                     F - +5 ring of evasion
HPRegen 0.54/turn    l - ring "Akhli" {Ice rPois Will++}
MPRegen 0.23/turn

%: reflection
@: berserking, blade hands, studying Unarmed Combat, very quick
A: fangs 1, strong nose, distributed training
a: Begin Untransformation, Renounce Religion, Berserk, Trog's Hand, Brothers in
Arms


You were on level 3 of the Spider Nest.
You worshipped Trog.
Trog was extremely pleased with you.
You had blades for hands.
You visited 4 branches of the dungeon, and saw 25 of its levels.
You also visited: Sewer, Ossuary and Bailey.

You collected 2774 gold pieces.
You spent 752 gold pieces at shops.

Inventory:

Hand Weapons
 a - a -2 demon whip of venom (melded)
 b - a +0 broad axe
 t - the +2 hammer of Tender Mercy {flame, +Blink Will+ Str-5 Int+2}
   (You found it on level 3 of the Dungeon)

   Str:       It affects your strength (-5).
   Int:       It affects your intelligence (+2).
   +Blink:    It lets you blink.
   Will:      It increases your willpower.
Missiles
 f - 214 stones
 j - 25 boomerangs
 B - 39 poisoned darts
 M - a curare-tipped dart
 P - 3 javelins
 Q - 2 boomerangs of dispersal
Armour
 x - a +0 pair of gloves (melded)
 z - a +0 helmet (worn)
 C - a scarf of resistance (worn)
 I - a +2 pair of boots (worn)
 U - the +11 plate armour "Corer" (worn) {Dex+3 Slay+3}
   (You found it on level 5 of the Lair of Beasts)

   Dex:       It affects your dexterity (+3).
   Slay:      It affects your accuracy & damage with ranged weapons and melee
   (+3).
 Z - the +2 shield of Resistance (melded) {rF++ rC++ Will++}
   (You found it on level 14 of the Dungeon)

   rF:        It greatly protects you from fire.
   rC:        It greatly protects you from cold.
   Will:      It greatly increases your willpower.
Jewellery
 l - the ring "Akhli" (right blade hand) {Ice rPois Will++}
   (You found it on level 14 of the Dungeon)

   [ring of ice]

   It enhances your ice magic.
   rF:        It makes you vulnerable to fire.
   rC:        It protects you from cold.
   rPois:     It protects you from poison.
   Will:      It greatly increases your willpower.
 u - the ring of Xom's Castigation {rCorr Dex+2}
   (You took it off an orc knight on level 10 of the Dungeon)

   [ring of resist corrosion]

   Dex:       It affects your dexterity (+2).
   rCorr:     It protects you from acid and corrosion.
 w - a ring of poison resistance
 F - a +5 ring of evasion (left blade hand)
 G - the ring of Ignis's Outrage {+Blink MP+9 Dex+2 SInv}
   (You took it off a centaur warrior on level 10 of the Dungeon)

   [ring of magical power]

   Dex:       It affects your dexterity (+2).
   MP:        It affects your magic capacity (+9).
   SInv:      It lets you see invisible.
   +Blink:    It lets you blink.
 K - an amulet of reflection (around neck)
 S - a ring of flight
Talismans
 Y - a blade talisman
Wands
 r - a wand of charming (12)
 y - a wand of iceblast (9)
 J - a wand of flame (18)
 R - a wand of acid (1)
 W - a wand of digging (1)
Scrolls
 d - a scroll of revelation
 h - 7 scrolls of identify
 i - 6 scrolls of immolation
 n - 2 scrolls of silence
 p - 2 scrolls of poison
 E - 7 scrolls of teleportation
 L - 9 scrolls of blinking
 V - 3 scrolls of fear
 X - 2 scrolls of fog
Potions
 e - 4 potions of enlightenment
 g - 4 potions of might
 k - 5 potions of heal wounds
 m - 3 potions of lignification
 o - 4 potions of mutation
 q - 8 potions of curing
 s - 3 potions of attraction
 v - 2 potions of invisibility
 A - a potion of berserk rage
 D - a potion of cancellation
 H - a potion of haste
 T - a potion of ambrosia
Miscellaneous
 c - a piece from Xom's chessboard (15/15) (quivered)


   Skills:
 + Level 13.3 Fighting
 + Level 11.7 Short Blades
 + Level 11.7 Long Blades
 + Level 11.7 Axes
 + Level 13.3 Maces & Flails
 + Level 11.7 Polearms
 + Level 11.7 Staves
 + Level 11.7 Ranged Weapons
 + Level 11.7 Throwing
 + Level 12.5 Armour
 + Level 12.5 Dodging
 + Level 11.7 Stealth
 + Level 11.7 Shields
 + Level 13.0 Unarmed Combat
 + Level 11.7 Spellcasting
 + Level 9.9 Conjurations
 + Level 9.9 Hexes
 + Level 9.9 Summonings
 + Level 9.9 Necromancy
 + Level 9.9 Translocations
 + Level 9.9 Transmutations
 + Level 9.9 Fire Magic
 + Level 9.9 Ice Magic
 + Level 9.9 Air Magic
 + Level 9.9 Earth Magic
 + Level 9.9 Poison Magic
 + Level 12.7 Invocations
 + Level 11.7 Evocations
 + Level 9.9 Shapeshifting


You had 39 spell levels left.
You didn't know any spells.
Your spell library was empty.

Dungeon Overview and Level Annotations

Branches:
Dungeon (15/15)            Temple (0/1) D:7            Lair (5/5) D:10
 Shoals (0/4) Lair:3       Spider (3/4) Lair:2        Slime (0/5) Lair:4
    Orc (2/2) D:10            Elf (0/3) Orc:2        Vaults (0/5) D:14
 Depths (0/4) D:15          Sewer (visited)         Ossuary (visited)
 Bailey (visited)

Altars:
Ashenzari
Elyvilon
Fedhas
Hepliaklqana
Nemelex Xobeh
Qazlal
Trog
Uskayaw
Vehumet
Wu Jian
Xom
The Shining One
Jiyva
Lugonu

Shops:
D:3 =   D:6 (   Orc:2 ?[*=

Portals:
Abyss: Lair:5

Annotations:
Spider:3 Asterion


Innate Abilities, Weirdness & Mutations

You have blades for hands.
Your spellcasting is less reliable in this form.
You are incapable of wielding weapons or throwing items.
You have very sharp teeth.
Your uncanny sense of smell can sniff out nearby items.
Your experience applies equally to all skills.


Message History

Asterion mumbles some strange prayers to Makhleb.
Asterion seems to speed up.
You block the demonic crawler's attack.
The demonic crawler hits you but does no damage.
The demonic crawler hits you!!
* * * LOW HITPOINT WARNING * * *
You completely miss the demonic crawler.
The demonic crawler is moderately wounded.
The wolf spider hits you but does no damage.
The wolf spider completely misses you.
You hear a faint skittering sound.
You block the demonic crawler's attack. The demonic crawler hits you!
* * * LOW HITPOINT WARNING * * *
The demonic crawler hits you!!
* * * LOW HITPOINT WARNING * * *
Asterion says, "Your valuables will do nicely in my coffers."
You completely miss the demonic crawler.
You bite the demonic crawler.
The demonic crawler is moderately wounded.
The wolf spider hits you.
* * * LOW HITPOINT WARNING * * *
The wolf spider bites you but does no damage.
Unknown command.
You slash the demonic crawler!
The demonic crawler is heavily wounded.
You block the demonic crawler's attack. The demonic crawler misses you.
The demonic crawler hits you but does no damage.
The wolf spider hits you!
* * * LOW HITPOINT WARNING * * *
The wolf spider barely misses you.
Press: ? - help, v - describe, . - travel, g - get item
Here: a wolf spider (berserk) Item here: a potion of brilliance.
The floor.
Unknown command.
You slice the demonic crawler!!
The demonic crawler is almost dead.
The demonic crawler barely misses you. The demonic crawler closely misses you.
You block the demonic crawler's attack. The wolf spider completely misses you.
The wolf spider bites you!
You die...

#...!.#....
##..(.......
^.^.#......
##....#..s..
#....H......
###.#...>.....
##...sBs.#.....
##..s#sy.<..#
##....@##........
####.....######.s...
..#...#..[## ##...~#
..# .........## ≈~#
#≈~ ..# ........##
≈≈≈≈ ≈ .##
......#..## ≈≈≈≈≈
.^## ..#....^..#
#≈≈≈ ...#
##..##..##≈≈# ...#
#......#≈≈#


You could see Asterion (fast), a demonic crawler (berserk), a wolf spider
(berserk), a moth of wrath, an orb spider, a pharaoh ant and a redback
(berserk).

Vanquished Creatures
  Arachne (Spider:3)
  An emperor scorpion (Spider:1)
  An orc warlord (Orc:2)
  2 statues (D:14)
  Snorg (Lair:4)
  A deep elf death mage (D:12)
  An entropy weaver (Lair:2)
  A salamander tyrant (D:14)
  Josephine (Orc:1)
  Fannar (D:11)
  The ghost of Woashoo the Arsonist, a journeyman DrFE (Lair:1)
  7 hydras
  The ghost of AwFulAwFulPlayer the Carver, a journeyman DsCK of Xom (Lair:1)
  A great orb of eyes (D:15)
  A jorogumo (Spider:3)
  A catoblepas (D:15)
  4 ogre magi
  7 centaur warriors
  14 two-headed ogres
  3 death yaks (Lair:1)
  3 boulder beetles
  3 demonic crawlers
  2 tengu warriors
  A deep elf knight (D:12)
  4 thrashing horrors (Lair:5)
  Nergalle (Orc:1)
  Amaemon (Lair:3)
  A skeletal warrior (D:10)
  2 pharaoh ants
  4 orb spiders
  A sea snake (shapeshifter) (D:15)
  A lindwurm (Lair:5)
  2 deep trolls
  A steelbarb worm (Spider:1)
  3 wizards (D:14)
  4 orc knights
  Pikel (D:8)
  2 harpies (Lair:3)
  2 deep elf zephyrmancers
  A deep elf archer (D:12)
  A harpy (shapeshifter) (D:10)
  3 orc sorcerers
  9 wolf spiders
  6 deep elf pyromancers
  18 ugly things
  2 manticores
  3 cyclopes
  4 elephants (Lair:4)
  Joseph (D:7)
  A smoke demon (Lair:5)
  5 black mambas
  7 cane toads
  An orange demon (Lair:3)
  A torpor snail (Lair:5)
  2 unseen horror zombies (D:9)
  Psyche (D:11)
  3 rime drakes
  An unseen horror (D:13)
  5 yaktaurs (D:15)
  5 komodo dragons
  An ancient zyme (Lair:5)
  10 trolls
  5 tengu conjurers (D:14)
  2 meliai (D:14)
  A meliai (shapeshifter) (D:14)
  3 polar bears
  6 tarantellas
  A hornet (D:10)
  Prince Ribbit (Lair:3)
  A raiju (shapeshifter) (D:8)
  Grinder (D:5)
  13 blink frogs
  2 dream sheep (Lair:5)
  11 jumping spiders
  2 shadows
  2 spriggans (Lair:5)
  4 wraiths
  3 culicivoras
  A centaur simulacrum (D:13)
  18 slime creatures
  47 yaks
  3 ynoxinuls (Lair:5)
  Grum (D:8)
  5 wyverns
  6 basilisks
  16 vampire mosquitoes
  2 steam dragons
  3 chaos spawn (Lair:5)
  14 redbacks
  4 wargs
  Menkaure (D:6)
  2 acid dragons
  11 water moccasins
  2 ice beasts (D:8)
  25 orc warriors
  2 sky beasts
  3 black bears
  18 ogres
  6 centaurs
  24 wolves
  3 kobold brigands
  3 elf zombies (Ossuary)
  2 gnoll sergeants
  2 scorpions
  Blork the orc (D:6)
  14 bullfrogs
  22 wights
  16 killer bees
  8 howler monkeys
  2 electric eels (D:7)
  4 small abominations (Lair:5)
  3 centaur zombies (Ossuary)
  A human zombie (Ossuary)
  2 jellies
  A gnoll bouda (D:8)
  6 hounds
  12 orc priests
  A sleepcap (D:6)
  Crazy Yiuf (D:3)
  18 orc wizards
  A killer bee zombie (D:9)
  2 hound zombies (Ossuary)
  3 mummies (Ossuary)
  2 howler monkey zombies (D:9)
  11 gnolls
  8 adders
  A shadow imp (D:5)
  3 ufetubi
  5 adder zombies (Ossuary)
  3 worms
  3 dart slugs
  71 orcs
  11 ball pythons
  11 bats
  15 endoplasms
  17 giant cockroaches
  A gnoll zombie (Ossuary)
  9 goblins
  3 hobgoblins
  14 quokkas
  7 frilled lizards
  4 goblin zombies (Ossuary)
  4 hobgoblin zombies (Ossuary)
  2 jackal zombies (Ossuary)
  11 kobolds
  A kobold zombie (Ossuary)
  An orc zombie (Ossuary)
  6 quokka zombies (Ossuary)
  A rat (D:3)
  3 rat zombies (Ossuary)
809 creatures vanquished.

Vanquished Creatures (collateral kills)
  Nikola (D:14)
  An ironbound preserver (D:14)
  A rakshasa (D:14)
  2 salamander tyrants (D:14)
  A hydra (Lair:5)
  An ogre mage (Orc:2)
  2 centaur warriors
  A two-headed ogre (Orc:2)
  A deep troll (Orc:2)
  A deep elf zephyrmancer (D:14)
  An ugly thing (D:14)
  2 cyclopes
  A cane toad (Lair:5)
  2 komodo dragons (Lair:5)
  A tengu conjurer (D:14)
  A troll (Orc:2)
  A polar bear (Lair:5)
  4 blink frogs (Lair:5)
  3 dream sheep (Lair:5)
  4 small abominations (Lair:5)
  A basilisk (Lair:5)
  A yak (Lair:5)
  4 vampire mosquitoes (D:14)
  A water moccasin (D:8)
  A black bear (D:10)
  5 ogres (Orc:2)
  A centaur (D:8)
  A kobold brigand (D:8)
  A scorpion (D:10)
  2 killer bees (D:10)
  A sleepcap (D:8)
  An orc wizard (D:10)
  2 orcs (D:10)
54 creatures vanquished.

Vanquished Creatures (others)
  A wizard (D:14)
1 creature vanquished.

Grand Total: 864 creatures vanquished

Notes
Turn   | Place    | Note
-------+----------+-------------------------------------------
     0 | D:1      | jejorda2 the Gnoll Berserker began the quest for the Orb.
     0 | D:1      | Reached XP level 1. HP: 23/23 MP: 1/1
   121 | D:1      | Reached XP level 2. HP: 29/29 MP: 2/2
   306 | D:1      | Reached XP level 3. HP: 35/35 MP: 3/3
   955 | D:2      | Reached skill level 1 in Invocations
  1277 | D:2      | Reached skill level 1 in Short Blades
  1277 | D:2      | Reached skill level 1 in Long Blades
  1277 | D:2      | Reached skill level 1 in Axes
  1277 | D:2      | Reached skill level 1 in Polearms
  1277 | D:2      | Reached skill level 1 in Staves
  1277 | D:2      | Reached skill level 1 in Ranged Weapons
  1277 | D:2      | Reached skill level 1 in Throwing
  1277 | D:2      | Reached skill level 1 in Stealth
  1277 | D:2      | Reached skill level 1 in Shields
  1277 | D:2      | Reached skill level 1 in Unarmed Combat
  1277 | D:2      | Reached skill level 1 in Spellcasting
  1277 | D:2      | Reached skill level 1 in Evocations
  1352 | D:2      | Reached XP level 4. HP: 41/41 MP: 5/5
  1603 | D:3      | Reached ** piety under Trog
  1627 | D:3      | Reached skill level 1 in Conjurations
  1627 | D:3      | Reached skill level 1 in Hexes
  1627 | D:3      | Reached skill level 1 in Summonings
  1627 | D:3      | Reached skill level 1 in Necromancy
  1627 | D:3      | Reached skill level 1 in Translocations
  1627 | D:3      | Reached skill level 1 in Transmutations
  1627 | D:3      | Reached skill level 1 in Fire Magic
  1627 | D:3      | Reached skill level 1 in Ice Magic
  1627 | D:3      | Reached skill level 1 in Air Magic
  1627 | D:3      | Reached skill level 1 in Earth Magic
  1627 | D:3      | Reached skill level 1 in Poison Magic
  1627 | D:3      | Reached skill level 1 in Shapeshifting
  1682 | D:3      | Found a glowing drain.
  1686 | Sewer    | Entered a sewer
  1794 | Sewer    | Reached XP level 5. HP: 45/47 MP: 5/7
  2057 | Sewer    | Identified the +10 long sword of Trauma {pain, rF+}
  2194 | D:3      | Identified the +2 hammer of Tender Mercy {flame, +Blink
                  | Will+ Str-5 Int+2}
  2197 | D:3      | Identified the +12 hammer of Inference {flame, Str+4}
  2210 | D:3      | Found a runed translucent door.
  2211 | D:3      | Noticed Crazy Yiuf
  2217 | D:3      | Killed Crazy Yiuf
  2218 | D:3      | Reached XP level 6. HP: 53/53 MP: 8/8
  2301 | D:3      | Found a large runed translucent door.
  2302 | D:3      | Found a large runed translucent door.
  2324 | D:3      | Found a blossoming altar of Fedhas.
  2352 | D:3      | Found Biufezav's Jewellery Shop.
  2435 | D:3      | Reached *** piety under Trog
  2442 | D:3      | Reached skill level 5 in Armour
  2442 | D:3      | Reached skill level 5 in Dodging
  2743 | D:3      | Found a stormy altar of Qazlal.
  2746 | D:3      | Found a glowing golden altar of the Shining One.
  2959 | D:4      | Found a sand-covered staircase.
  2964 | Ossuary  | Entered an ossuary
  2998 | Ossuary  | Reached XP level 7. HP: 59/59 MP: 10/10
  3169 | Ossuary  | Reached **** piety under Trog
  3326 | D:4      | Identified the +0 leather armour "Tevir" {rF- rC++}
  3422 | D:4      | Reached XP level 8. HP: 65/67 MP: 12/12
  3697 | D:5      | Entered Level 5 of the Dungeon
  3777 | D:5      | Noticed Grinder
  3783 | D:5      | Killed Grinder
  3800 | D:5      | Reached ***** piety under Trog
  3842 | D:3      | Bought a ring of poison resistance for 260 gold pieces
  4478 | D:6      | Reached XP level 9. HP: 73/73 MP: 14/14
  4479 | D:6      | Found Ubrehirph's Weapon Boutique.
  4640 | D:6      | Noticed Menkaure
  4644 | D:6      | Killed Menkaure
  5333 | D:6      | Noticed Blork the orc
  5339 | D:6      | Killed Blork the orc
  5624 | D:6      | Found a shimmering altar of Xom.
  5761 | D:7      | Noticed Joseph
  5783 | D:7      | Killed Joseph
  5784 | D:7      | Reached skill level 5 in Invocations
  6043 | D:7      | Found a staircase to the Ecumenical Temple.
  6055 | D:7      | Found a bloodstained altar of Trog.
  6184 | D:7      | Reached XP level 10. HP: 80/80 MP: 17/17
  6184 | D:7      | Received a gift from Trog
  6209 | D:7      | Found the ring of the Mage {Wiz Archmagi}
  6605 | D:8      | Reached skill level 5 in Short Blades
  6605 | D:8      | Reached skill level 5 in Long Blades
  6605 | D:8      | Reached skill level 5 in Axes
  6605 | D:8      | Reached skill level 5 in Polearms
  6605 | D:8      | Reached skill level 5 in Staves
  6605 | D:8      | Reached skill level 5 in Ranged Weapons
  6605 | D:8      | Reached skill level 5 in Throwing
  6605 | D:8      | Reached skill level 5 in Stealth
  6605 | D:8      | Reached skill level 5 in Shields
  6605 | D:8      | Reached skill level 5 in Unarmed Combat
  6605 | D:8      | Reached skill level 5 in Spellcasting
  6605 | D:8      | Reached skill level 5 in Evocations
  6633 | D:8      | Noticed Pikel
  6634 | D:8      | Noticed Grum
  6646 | D:8      | Killed Pikel
  6652 | D:8      | Killed Grum
  7228 | D:8      | Found a white marble altar of Elyvilon.
  7239 | D:8      | Found a hazy altar of Hepliaklqana.
  7324 | D:8      | Noticed a cyan ugly thing
  7330 | D:8      | Noticed a centaur warrior
  7333 | D:8      | Killed a cyan ugly thing
  7342 | D:8      | Killed a centaur warrior
  7343 | D:8      | Reached skill level 5 in Conjurations
  7343 | D:8      | Reached skill level 5 in Hexes
  7343 | D:8      | Reached skill level 5 in Summonings
  7343 | D:8      | Reached skill level 5 in Necromancy
  7343 | D:8      | Reached skill level 5 in Translocations
  7343 | D:8      | Reached skill level 5 in Transmutations
  7343 | D:8      | Reached skill level 5 in Fire Magic
  7343 | D:8      | Reached skill level 5 in Ice Magic
  7343 | D:8      | Reached skill level 5 in Air Magic
  7343 | D:8      | Reached skill level 5 in Earth Magic
  7343 | D:8      | Reached skill level 5 in Poison Magic
  7343 | D:8      | Reached skill level 5 in Shapeshifting
  7343 | D:8      | Reached XP level 11. HP: 80/89 MP: 18/20
  7486 | D:9      | Found an ornate altar of the Wu Jian Council.
  7505 | D:9      | Found a flagged portal.
  7517 | Bailey   | Entered a bailey
  7820 | Bailey   | Noticed an orc knight
  7828 | Bailey   | Killed an orc knight
  7936 | Bailey   | Received a gift from Trog
  8933 | D:10     | Entered Level 10 of the Dungeon
  8933 | D:10     | Noticed a two-headed ogre
  9097 | D:10     | Found a staircase to the Orcish Mines.
  9109 | D:10     | Killed a two-headed ogre
  9159 | D:10     | Reached XP level 12. HP: 70/96 MP: 22/22
  9265 | D:10     | Identified the ring "Opralo" {Fire Str+5 Int+4}
  9265 | D:10     | Noticed a centaur warrior
  9267 | D:10     | Identified the ring of Ignis's Outrage {+Blink MP+9 Dex+2
                  | SInv}
  9267 | D:10     | Noticed a centaur warrior
  9277 | D:10     | Killed a centaur warrior
  9280 | D:10     | Killed a centaur warrior
  9329 | D:10     | Identified the ring of Xom's Castigation {rCorr Dex+2}
  9353 | D:10     | Noticed an eight-headed hydra
  9452 | D:10     | Killed an eight-headed hydra
  9631 | D:10     | Found a sparkling altar of Nemelex Xobeh.
  9805 | D:10     | Reached skill level 10 in Fighting
  9805 | D:10     | Reached skill level 10 in Maces & Flails
  9818 | D:10     | Identified the amulet "Woickoym" {Faith *Corrode Int+2
                  | Stlth+}
 10027 | D:10     | Found a staircase to the Lair.
 10279 | Lair:1   | Entered Level 1 of the Lair of Beasts
 10338 | Lair:1   | Noticed a death yak
 10340 | Lair:1   | Noticed a death yak
 10352 | Lair:1   | Noticed a death yak
 10357 | Lair:1   | Killed a death yak
 10365 | Lair:1   | Killed a death yak
 10372 | Lair:1   | Killed a death yak
 10970 | Lair:1   | Reached XP level 13. HP: 82/104 MP: 24/24
 11138 | Lair:1   | Found a runed translucent gate.
 11138 | Lair:1   | Found a runed translucent gate.
 11138 | Lair:1   | Found a runed translucent gate.
 11225 | Lair:1   | Noticed AwFulAwFulPlayer's ghost (journeyman DsCK)
 11225 | Lair:1   | Noticed Woashoo's ghost (journeyman DrFE)
 11243 | Lair:1   | Killed AwFulAwFulPlayer's ghost
 11255 | Lair:1   | Killed Woashoo's ghost
 11978 | Lair:2   | Received a gift from Trog
 12124 | Lair:2   | Found a hole to the Spider Nest.
 12579 | Lair:3   | Noticed Prince Ribbit
 12594 | Lair:3   | Noticed Amaemon
 12774 | Lair:3   | Found a staircase to the Shoals.
 12794 | Lair:3   | Killed Prince Ribbit
 12830 | Lair:3   | Killed Amaemon
 13526 | Lair:4   | Found a staircase to the Slime Pits.
 13526 | Lair:4   | Found a viscous altar of Jiyva.
 13652 | Lair:4   | Found a broken altar of Ashenzari.
 13733 | Lair:4   | Reached skill level 10 in Armour
 13733 | Lair:4   | Reached skill level 10 in Dodging
 13856 | Lair:4   | Noticed Snorg
 13870 | Lair:4   | Killed Snorg
 14144 | Lair:4   | Reached XP level 14. HP: 100/113 MP: 27/27
 14936 | Lair:5   | Entered Level 5 of the Lair of Beasts
 14953 | Lair:5   | Reached skill level 10 in Invocations
 16196 | Lair:5   | Found a corrupted altar of Lugonu.
 16196 | Lair:5   | Found a one-way gate to the infinite horrors of the Abyss.
 16201 | Lair:5   | Identified the +9 chain mail "Foqos" {rN++ Int-2 Stlth+}
 16208 | Lair:5   | Identified the +11 plate armour "Corer" {Dex+3 Slay+3}
 17385 | D:11     | Noticed Psyche
 17385 | D:11     | Noticed Fannar
 17390 | D:11     | Killed Psyche
 17416 | D:11     | Killed Fannar
 17644 | D:11     | Found a blossoming altar of Fedhas.
 17739 | D:12     | Reached XP level 15. HP: 119/120 MP: 28/28
 17935 | D:12     | Reached skill level 10 in Short Blades
 17935 | D:12     | Reached skill level 10 in Long Blades
 17935 | D:12     | Reached skill level 10 in Axes
 17935 | D:12     | Reached skill level 10 in Polearms
 17935 | D:12     | Reached skill level 10 in Staves
 17935 | D:12     | Reached skill level 10 in Ranged Weapons
 17935 | D:12     | Reached skill level 10 in Throwing
 17935 | D:12     | Reached skill level 10 in Stealth
 17935 | D:12     | Reached skill level 10 in Shields
 17935 | D:12     | Reached skill level 10 in Unarmed Combat
 17935 | D:12     | Reached skill level 10 in Spellcasting
 17935 | D:12     | Reached skill level 10 in Evocations
 18300 | D:13     | Identified the +1 mace of Hail {freeze, rElec rF- Int+5
                  | Stlth+}
 18420 | D:13     | Identified a scroll of acquirement
 18421 | D:13     | Acquired a manual of Unarmed Combat
 18753 | D:12     | Found a hide-covered altar of Uskayaw.
 20212 | D:14     | Found a gate to the Vaults.
 20291 | D:14     | Received a gift from Trog
 20447 | D:14     | Identified the ring "Akhli" {Ice rPois Will++}
 20701 | D:14     | Identified the staff of Extremism {rN+ rCorr Int+2 Dex-3
                  | Summ Necro}
 20754 | D:14     | Noticed Nikola
 20767 | D:14     | Found a radiant altar of Vehumet.
 20772 | D:14     | Identified the ring "Gihesuqo" {Fire Str-2 Int-3 Dex+5}
 20788 | D:14     | Killed Nikola
 20959 | D:14     | Reached XP level 16. HP: 129/129 MP: 30/30
 21035 | D:14     | Found the +2 shield of Resistance {rF++ rC++ Will++}
 21210 | D:15     | Entered Level 15 of the Dungeon
 22383 | D:15     | Found a staircase to the Depths.
 22389 | D:15     | Upgraded the game from 0.31-a0-271-gb88eb75e06 to
                  | 0.31-a0-277-g31ea1f65cc
 22544 | Spider:1 | Entered Level 1 of the Spider Nest
 23960 | Orc:1    | Entered Level 1 of the Orcish Mines
 23960 | Orc:1    | Noticed Nergalle
 24230 | Orc:1    | Killed Nergalle
 24391 | Orc:2    | Entered Level 2 of the Orcish Mines
 24503 | Orc:2    | Found a staircase to the Elven Halls.
 25045 | Orc:1    | Noticed Josephine
 25127 | Orc:1    | Killed Josephine
 25748 | Orc:2    | Reached XP level 17. HP: 128/136 MP: 32/32
 25866 | Orc:2    | Found Ryth's Jewellery Shop.
 25871 | Orc:2    | Found Beyt's General Store.
 25876 | Orc:2    | Found Paygho's Armour Emporium.
 25887 | Orc:2    | Found Isalayt's Magic Scroll Shop.
 26018 | Orc:2    | Bought a scroll of fear for 52 gold pieces
 26029 | Orc:2    | Bought a blade talisman for 440 gold pieces
 26160 | Spider:2 | You fall into a shaft and drop 1 floor!
 26180 | Spider:3 | Received a gift from Trog
 26412 | Spider:3 | Noticed Arachne
 26429 | Spider:3 | Killed Arachne
 26929 | Spider:3 | Noticed Asterion
 26934 | Spider:3 | Slain by a wolf spider

Illustrated notes

Levels and vault maps discovered:
D:1:      lightli_arrival_quake, layout_loops_ring
D:2:      minmay_door_path, layout_loops_cross
D:3:      layout_basic, mainiacjoe_overflow_small_starburst,
          jmf_multi_god_temple2, serial_shops, shop, gup_sewer_entry_spiral,
          uniq_crazy_yiuf_cottage
D:4:      layout_cave_pools, enter_ossuary_2
D:5:      layout_cave_pools, uniq_grinder
D:6:      layout_loops_corners, mainiacjoe_overflow_swirl, serial_shops, shop,
          uniq_menkaure, uniq_blork_the_orc
D:7:      statuecave_lemuel, layout_loops_ring, lemuel_doored_altar,
          minmay_temple_entry_overgrown, serial_aquarium,
          aquarium_bridge_straight [aquarium_subvault_bridge,
          aquarium_subvault_wall, aquarium_subvault_bridge,
          aquarium_subvault_wall], aquarium_bridge_square
          [aquarium_subvault_balcony, aquarium_subvault_bridge,
          aquarium_subvault_bridge, aquarium_subvault_bridge],
          aquarium_window_1, aquarium_window_2, aquarium_view_2d,
          aquarium_balcony_double_2, aquarium_pool_side, uniq_joseph
D:8:      nzn_winding_woodlands_three_and_one
          [nzn_winding_woodlands_5x15_pathside_ponds,
          nzn_winding_woodlands_5x15_longhouse,
          nzn_winding_woodlands_5x15_zeroes,
          nzn_winding_woodlands_center_pierced_h], layout_rooms,
          mainiacjoe_overflow_big_doors, uniq_grum, uniq_pikel
D:9:      layout_basic, mainiacjoe_overflow_alcove_1, enter_bailey_8,
          serial_undead, serial_undead_f, serial_undead_a, serial_undead_e,
          serial_undead_c
D:10:     minmay_the_grid_triangle_9x9_rhombus_thin_mashed
          [minmay_the_grid_triangle_9x9_skeleton,
          minmay_the_grid_triangle_9x9_prize_special,
          minmay_the_grid_triangle_9x9_semitri,
          minmay_the_grid_triangle_9x9_sprig], layout_irregular_city,
          nemelex_xobeh_ov_fountains_minmay, grunt_lair_entry_orc_guard_hut,
          david_orc_3
D:11:     layout_roguey, fedhas_altar_fruit_tree, uniq_fannar, uniq_psyche
D:12:     layout_cave_pools, nicolae_uskayaw_dance_hall
D:13:     layout_basic, hangedman_corner_corridor
D:14:     evilmike_halls_of_destruction, layout_cave_pools,
          skrybe_vaults_entry_preservation, nicolae_benzene_ring, eino_jars
D:15:     gammafunk_enter_depths_forms, layout_basic
Lair:1:   layout_misc_corridors, gammafunk_ghost_cemetery
Lair:2:   dreamdust_cave_troll, layout_hall_layers, spider_nest_entry_web_field
Lair:3:   layout_gridlike, nicolae_shoals_entry_roost, st_stairs_9,
          grunt_megastairs_4, infiniplex_staircase_pool_2, lemuel_fruit_fields,
          uniq_prince_ribbit2, uniq_amaemon
Lair:4:   layout_hall_layers, minmay_slime_entry_pillars, basic_altar,
          nicolae_lair_run_with_the_wolves, lemuel_fruit_fields, uniq_snorg
Lair:5:   hellmonk_lair_end_abyssal_woods, layout_misc_corridors,
          gauntlet_entry_generic, nicolae_lair_grove_arrangements,
          chequers_serial_rivers_room_b, ldierk_geyser
Spider:1: layout_spider_delve
Spider:2: layout_spider_delve, drop_trap
Spider:3: layout_spider_delve, nicolae_spider_circle_web, nicolae_spider_nook,
          uniq_asterion, uniq_arachne
Orc:1:    layout_diamond_mine, abandoned_shop, uniq_josephine, uniq_nergalle
Orc:2:    st_orc_open, layout_caves

Skill      XL: |  1  2  3  4  5  6  7  8  9 10 11 12 13 14 15 16 17 |
---------------+----------------------------------------------------+-----
Invocations    | 1 2 3 4 5 6 7 8 9 10 11 12 | 12.7
Short Blades   | 1 2 3 4 6 7 9 10 11 | 11.7
Long Blades    | 1 2 3 4 6 7 9 10 11 | 11.7
Axes           | 1 2 3 4 6 7 9 10 11 | 11.7
Polearms       | 1 2 3 4 6 7 9 10 11 | 11.7
Staves         | 1 2 3 4 6 7 9 10 11 | 11.7
Ranged Weapons | 1 2 3 4 6 7 9 10 11 | 11.7
Throwing       | 1 2 3 4 6 7 9 10 11 | 11.7
Stealth        | 1 2 3 4 6 7 9 10 11 | 11.7
Shields        | 1 2 3 4 6 7 9 10 11 | 11.7
Unarmed Combat | 1 2 3 4 6 7 9 11 12 13 | 13.0
Spellcasting   | 1 2 3 4 6 7 9 10 11 | 11.7
Evocations     | 1 2 3 4 6 7 9 10 11 | 11.7
Conjurations   | 1 2 3 4 5 6 7 8 9 |  9.9
Hexes          | 1 2 3 4 5 6 7 8 9 |  9.9
Summonings     | 1 2 3 4 5 6 7 8 9 |  9.9
Necromancy     | 1 2 3 4 5 6 7 8 9 |  9.9
Translocations | 1 2 3 4 5 6 7 8 9 |  9.9
Transmutations | 1 2 3 4 5 6 7 8 9 |  9.9
Fire Magic     | 1 2 3 4 5 6 7 8 9 |  9.9
Ice Magic      | 1 2 3 4 5 6 7 8 9 |  9.9
Air Magic      | 1 2 3 4 5 6 7 8 9 |  9.9
Earth Magic    | 1 2 3 4 5 6 7 8 9 |  9.9
Poison Magic   | 1 2 3 4 5 6 7 8 9 |  9.9
Shapeshifting  | 1 2 3 4 5 6 7 8 9 |  9.9
Armour         | 5 6 7 8 9 10 11 12 | 12.5
Dodging        | 5 6 7 8 9 10 11 12 | 12.5
Fighting       | 7 8 9 10 11 12 13 | 13.3
Maces & Flails | 7 8 9 10 11 12 13 | 13.3

Action                     |  1- 3 |  4- 6 |  7- 9 | 10-12 | 13-15 | 16-18 || total
---------------------------+-------+-------+-------+-------+-------+-------++-------
  Melee: Mace              |   119 |   189 |   239 |   530 |   165 |       ||  1242
         Bite              |    10 |    17 |    21 |    58 |   244 |   171 ||   521
         Punch             |     1 |     4 |     4 |     5 |       |     5 ||    19
         Maw               |       |       |     4 |       |       |       ||     4
         Broad axe         |       |       |       |    12 |    58 |       ||    70
         Demon whip        |       |       |       |       |  1285 |   877 ||  2162
         Unarmed           |       |       |       |       |       |    57 ||    57
  Throw: Dart              |       |       |       |     4 |     7 |    41 ||    52
         Javelin           |       |       |       |       |     1 |       ||     1
 Invoke: Berserk           |       |     2 |     3 |    11 |    20 |    12 ||    48
         Trog's Hand       |       |       |     2 |     2 |    12 |     2 ||    18
         Brothers in Arms  |       |       |       |     2 |     5 |     1 ||     8
Ability: Begin Untransform |     1 |     1 |     2 |       |       |       ||     4
  Evoke: Wand              |       |       |       |     6 |     6 |       ||    12
         Piece from Xom's  |       |       |       |       |    16 |     3 ||    19
    Use: Scroll            |       |    10 |    11 |     5 |     8 |     2 ||    36
   Stab: Distracted        |       |       |       |       |     1 |       ||     1
 Armour: Animal skin       |     3 |       |       |       |       |       ||     3
         Leather armour    |    23 |       |       |       |       |       ||    23
         Ring mail         |    15 |    53 |       |       |       |       ||    68
         Plate armour      |       |    22 |   114 |   222 |   459 |   291 ||  1108
  Dodge: Dodged            |    81 |   102 |   123 |   342 |   551 |   323 ||  1522
  Block: Kite shield       |       |       |       |   201 |  1073 |   711 ||  1985
         Reflection        |       |       |       |       |    20 |     9 ||    29
         Other             |       |       |       |       |       |    15 ||    15
   Form: Beast             |     1 |     1 |     1 |       |       |       ||     3
         Maw               |       |       |     1 |       |       |       ||     1
         Blade             |       |       |       |       |       |     1 ||     1

Table legend: (Time is in decaauts)
 A = Elapsed time spent in this place.
 B = Non-inter-level travel time spent in this place.
 C = Inter-level travel time spent in this place.
 D = Time resting spent in this place.
 E = Time spent auto-exploring this place.
 F = Levels seen in this place.
 G = Mean time per level.
                   A        B        C        D        E       F      G
               +--------+--------+--------+--------+--------+-----+--------+
         Total |  26611 |  24786 |   1825 |   3414 |  15440 |  28 |  950.4 |
       Dungeon |  14838 |  13921 |    917 |   1446 |   9405 |  15 |  989.2 |
          Lair |   7169 |   6489 |    680 |   1189 |   3734 |   5 | 1433.8 |
   Spider Nest |   1504 |   1444 |     60 |      4 |   1110 |   3 |  501.3 |
  Orcish Mines |   1779 |   1612 |    167 |    626 |    667 |   2 |  889.5 |
         Sewer |    503 |    503 |      0 |     62 |    168 |   1 |  503.0 |
       Ossuary |    336 |    336 |      0 |      0 |    178 |   1 |  336.0 |
        Bailey |    479 |    479 |      0 |     85 |    175 |   1 |  479.0 |
               +--------+--------+--------+--------+--------+-----+--------+

Top non-repeatable levels by time:
  Lair:2: 1810 daAuts
  Lair:5: 1795 daAuts
    D:10: 1685 daAuts
    D:14: 1509 daAuts
  Lair:4: 1442 daAuts
  Lair:1: 1360 daAuts
   Orc:2: 1203 daAuts
     D:6: 1196 daAuts
    D:13: 1165 daAuts
    D:15: 1151 daAuts
     D:9: 1060 daAuts
     D:3: 1031 daAuts
     D:8: 912 daAuts
     D:7: 905 daAuts
     D:1: 822 daAuts
